 Dungeon Crawl Stone Soup version 0.27-a0-1291-geefcff550b (webtiles) character file.

Game seed: 1567959387652138271

183888 night the Martial Artist (level 17, 0/137 HPs)
             Began as a Demonspawn Ice Elementalist on June 15, 2021.
             Was an Initiate of Gozag.
             Slain by an entropy weaver (4 damage)
             ... on level 3 of the Spider Nest.
             The game lasted 02:07:35 (44989 turns).

night the Martial Artist (DsIE)                    Turns: 44989, Time: 02:07:35

Health: 0/137      AC:  0    Str: 11 (14) XL:     17   Next: 76%
Magic:  7/34       EV: 25    Int: 22 (23) God:    Gozag
Gold:   2079       SH:  0    Dex: 15      Spells: 5/42 levels left

rFire    + + .     SeeInvis +   b - +8 hunting sling of the Trees {vorpal, rPois rF++ Int+3 Stlth-}
rCold    . . .     Faith    .   (no shield)
rNeg     . . .     Spirit   .   q - +5 steam dragon scales
rPois    +         Reflect  .   a - +2 hat {Will+}
rElec    .         Harm     .   W - +2 cloak of the Thief {*Fog Slay-2 SInv Stlth+}
rCorr    .         Rampage  .   M - +1 pair of gloves {Str+3}
Will     +++..                  j - +2 pair of boots
Stlth    ++........             S - amulet of the acrobat
HPRegen  0.32/turn              G - +4 ring of evasion
MPRegen  0.24/turn              m - +4 ring of evasion

@: mighty, agile, corroded
A: antennae 2, claws 2, talons 2, powered by pain 3, demonic magic 2,
strong-willed 1, mutation resistance 1
a: Renounce Religion, Potion Petition, Call Merchant, Bribe Branch


You were on level 3 of the Spider Nest.
You worshipped Gozag.
Gozag was most pleased with you.
You visited 5 branches of the dungeon, and saw 28 of its levels.
You also visited: Ossuary, Gauntlet and Ice Cave.

You collected 8957 gold pieces.
You spent 3009 gold pieces at shops.
You paid 3869 gold pieces to Gozag.

Inventory:

Hand Weapons
 b - the +8 hunting sling of the Trees (weapon) {vorpal, rPois rF++ Int+3 Stlth-}
   (You found it on level 6 of the Dungeon)

   Any stone fired from it inflicts extra damage.
   It affects your intelligence (+3).
   It greatly protects you from fire.
   It protects you from poison.
   It makes you less stealthy.
Missiles
 c - 368 sling bullets
 e - 110 poisoned darts
 g - 608 stones (quivered ammo)
 l - 49 boomerangs
 v - 14 javelins
 E - 2 throwing nets
 J - 16 curare-tipped darts
Armour
 a - a +2 hat of willpower (worn)
 j - a +2 pair of boots (worn)
 q - +5 steam dragon scales (worn)
 M - a +1 pair of gloves of strength (worn)
 W - the +2 cloak of the Thief (worn) {*Fog Slay-2 SInv Stlth+}
   (You bought it in a shop on level 4 of the Lair of Beasts)

   It affects your accuracy and damage with ranged weapons and melee attacks
   (-2).
   It lets you see invisible.
   It makes you more stealthy.
Jewellery
 h - a ring of protection from cold
 i - a ring of ice
 m - a +4 ring of evasion (right hand)
 n - a +6 ring of strength
 r - the ring of Xom's Best Wishes {Contam rF+ rN+ Int+3 Dex+5}
   (You found it on level 12 of the Dungeon)

   [ring of protection from fire]

   It affects your intelligence (+3).
   It affects your dexterity (+5).
   It protects you from fire.
   It protects you from negative energy.
   It causes magical contamination when unequipped.
 s - a ring of magical power
 z - the ring "Cunn" {rElec Will+ rCorr Str-5 Stlth+}
   (You found it in a Gauntlet)

   [ring of willpower]

   It affects your strength (-5).
   It insulates you from electricity.
   It protects you from acid and corrosion.
   It increases your willpower.
   It makes you more stealthy.
 G - a +4 ring of evasion (left hand)
 H - a ring of protection from fire
 I - a ring of willpower
 N - a ring of wizardry
 O - the ring "Jyjy" {Fly rF- rN+ Will++ Str+2}
   (You found it on level 11 of the Dungeon)

   [ring of flight]

   It affects your strength (+2).
   It makes you vulnerable to fire.
   It protects you from negative energy.
   It grants you flight.
   It greatly increases your willpower.
 S - an amulet of the acrobat (around neck)
 U - a +6 ring of strength
 X - a ring of flight
 Z - a +6 ring of intelligence
Wands
 d - a wand of digging (21)
 y - a wand of paralysis (12)
 Q - a wand of acid (11)
Scrolls
 k - 18 scrolls of identify
 o - 3 scrolls of magic mapping
 A - 11 scrolls of teleportation
 K - 6 scrolls of amnesia
 P - a scroll of fog
 R - a scroll of fear
Potions
 f - 2 potions of resistance
 p - 5 potions of mutation
 t - 2 potions of attraction
 w - 2 potions of heal wounds
 x - a potion of lignification
 C - 5 potions of ambrosia
 D - 6 potions of curing
 F - 4 potions of haste
 L - 3 potions of might
 T - 3 potions of cancellation
 V - a potion of invisibility
Miscellaneous
 B - a phantom mirror (inert)
 Y - a condenser vane


   Skills:
 + Level 13.6 Fighting
 - Level 1.7 Dodging
 - Level 1.7 Stealth
 + Level 14.2 Unarmed Combat
 + Level 13.0 Spellcasting
 - Level 3.7 Conjurations
 - Level 5.6 Hexes
 - Level 8.6 Translocations
 + Level 12.3 Ice Magic
 - Level 7.1 Poison Magic


You had 5 spell levels left.
You knew the following spells:

 Your Spells              Type           Power      Damage    Failure   Level
a - Freeze                Ice            100%       1d11      1%          1
b - Frozen Ramparts       Ice            100%       1d12      1%          3
c - Ozocubu's Armour      Ice            62%        N/A       1%          3
d - Olgreb's Toxic Radia  Pois           45%        N/A       2%          4
e - Tukima's Dance        Hex            39%        N/A       1%          3
f - Ensorcelled Hibernat  Hex/Ice        100%       N/A       1%          2
g - Polar Vortex          Ice            31%        N/A       100%        9
h - Hailstorm             Conj/Ice       49%        3d11      1%          4
i - Ignite Poison         Fire/Tmut/Pois 24%        N/A       4%          3
z - Manifold Assault      Tloc           51%        N/A       3%          5

Your spell library contained the following spells:

 Spells                   Type           Power      Damage    Failure   Level
 Apportation              Tloc           100%       N/A       1%          1
 Corona                   Hex            43%        N/A       1%          1
 Magic Dart               Conj           100%       1d8       1%          1
 Shock                    Conj/Air       88%        1d8       1%          1
 Sting                    Tmut/Pois      100%       1d8       1%          1
 Blink                    Tloc           N/A        N/A       1%          2
 Poisonous Vapours        Pois/Air       60%        N/A       1%          2
 Searing Ray              Conj           60%        3d5       1%          2
 Confusing Touch          Hex            39%        N/A       1%          3
 Dazzling Flash           Conj/Hex       68%        N/A       1%          3
 Gell's Gravitas          Tloc           25%        N/A       1%          3
 Lesser Beckoning         Tloc           25%        N/A       1%          3
 Teleport Other           Tloc           51%        N/A       1%          3
 Static Discharge         Conj/Air       22%        N/A       3%          2
 Mephitic Cloud           Conj/Pois/Air  30%        N/A       3%          3
 Iskenderun's Mystic Bla  Conj/Tloc      41%        2d9       3%          4
 Metabolic Englaciation   Hex/Ice        26%        N/A       3%          5
 Animate Skeleton         Necr           28%        N/A       4%          1
 Summon Small Mammal      Summ           56%        N/A       4%          1
 Cause Fear               Hex            19%        N/A       4%          4
 Conjure Flame            Conj/Fire      22%        6-21      6%          3
 Fulminant Prism          Conj/Hex       17%        3d11      6%          4
 Corpse Rot               Necr/Air       N/A        N/A       7%          2
 Sublimation of Blood     Necr           7%         N/A       7%          2
 Swiftness                Air            14%        N/A       13%         3
 Freezing Cloud           Conj/Ice/Air   18%        6-21      14%         5
 Summon Forest            Summ/Tloc      16%        N/A       22%         5
 Iskenderun's Battlesphe  Conj           30%        2d8       26%         5
 Alistair's Intoxication  Tmut/Pois      20%        N/A       28%         5
 Silence                  Hex/Air        13%        N/A       36%         5
 Summon Mana Viper        Hex/Summ       26%        N/A       36%         5
 Yara's Violent Unravell  Hex/Tmut       13%        3d7       36%         5
 Airstrike                Air            7%         N/A       41%         4
 Dispel Undead            Necr           14%        3d10      41%         4
 Lightning Bolt           Conj/Air       11%        1d24      50%         5
 Bolt of Magma            Conj/Fire/Erth 9%         4d7       58%         5
 Agony                    Necr           14%        N/A       77%         5
 Excruciating Wounds      Necr           7%         N/A       77%         5
 Invisibility             Hex            19%        N/A       56%         6
 Iron Shot                Conj/Erth      11%        9d3       97%         6
 Shadow Creatures         Summ           N/A        N/A       100%        6
 Orb of Destruction       Conj           15%        9d7       100%        7
 Spellforged Servitor     Conj/Summ      11%        N/A       100%        7
 Summon Hydra             Summ           7%         N/A       100%        7
 Discord                  Hex            19%        N/A       100%        8
 Lehudib's Crystal Spear  Conj/Erth      11%        10d4      100%        8
 Chain Lightning          Conj/Air       11%        3d14      100%        9
 Fire Storm               Conj/Fire      11%        8d3       100%        9


Dungeon Overview and Level Annotations

Branches:
Dungeon (15/15)            Temple (1/1) D:5            Lair (6/6) D:11
  Swamp (0/4) Lair:2       Spider (4/4) Lair:4        Slime (0/5) Lair:5
    Orc (2/2) D:10            Elf (0/3) Orc:2        Vaults (0/5) D:14
 Depths (0/5) D:15        Ossuary (visited)           IceCv (visited)
Gauntlet (visited)

Altars:
Ashenzari
Cheibriados
Dithmenos
Elyvilon
Fedhas
Gozag
Hepliaklqana
Kikubaaqudgha
Makhleb
Nemelex Xobeh
Okawaru
Qazlal
Ru
Sif Muna
Trog
Uskayaw
Vehumet
Wu Jian
Xom
Yredelemnul
Zin
The Shining One

Shops:
D:5 *   D:7 [   D:8 *   D:12 [   Orc:2 [(=*   Lair:4 :[=

Portals:
Abyss: D:11

Annotations:
D:5 2 transporters, PeterLawrence's ghost, novice MiFi
D:11 tsouns's ghost, journeyman SpEE
Lair:3 exclusion: oklob plant
Spider:2 Xitiatz's ghost, journeyman DDFi


Innate Abilities, Weirdness & Mutations

You have a pair of antennae on your head.
You have very sharp fingernails.
You have razor-sharp toenails.
You are powered by pain.
Spells you cast may paralyse nearby enemies.
You are strong-willed. (Will+)
You are somewhat resistant to further mutation.


Message History

Casting: Ignite Poison (mildly dangerous; 4% risk of failure)
Confirm with . or Enter, or press ? or * to list all spells.
Aiming: Freeze (safe; 1% risk of failure)
Press: ? - help, Shift-Dir - straight line, f - entropy weaver
Aim: an entropy weaver (heavily wounded)
You freeze the entropy weaver!
The entropy weaver is severely wounded.
Malevolent energies surge around you.
The entropy weaver completely misses you.
The entropy weaver hits you!
With a swish of your cloak, you release a cloud of fog.
You focus on the pain.
You feel very mighty all of a sudden.
The entropy weaver completely misses you.
The entropy weaver hits you!
Casting: Freeze (safe; 1% risk of failure)
Confirm with . or Enter, or press ? or * to list all spells.
Aiming: Freeze (safe; 1% risk of failure)
Press: ? - help, Shift-Dir - straight line, f/p - entropy weaver
Aim: an entropy weaver (blue smoke, severely wounded)
You freeze the entropy weaver!
The entropy weaver is almost dead.
Malevolent energies surge around you. The entropy weaver hits you!
* * * LOW HITPOINT WARNING * * *
With a swish of your cloak, you release a cloud of fog.
The entropy weaver closely misses you. The entropy weaver hits you!
* * * LOW HITPOINT WARNING * * *
With a swish of your cloak, you release a cloud of fog.
The entropy weaver hits you!
* * * LOW HITPOINT WARNING * * *
As you read the scroll of fear, it crumbles to dust.
You assume a fearsome visage.
The entropy weaver resists with almost no effort.
The entropy weaver hits you!
* * * LOW HITPOINT WARNING * * *
The entropy weaver hits you.
* * * LOW HITPOINT WARNING * * *
The entropy weaver hits you.
You die...
Your body crumbles into a pile of gold.

##...#.........^^....###
#..####.#......#.....##
#### ###...^#........#
#....##.......##
#.....##.......# ###
#...§§.##...^.##
#####.#####§§§.§.###.....##
##.##......##§§B§.#
###....#
###...##......§§@§.##
#....#
##..........#>§§§#§###
##..##
###......#..#.§§#§...# #.##
.####...##...........# ###
.##.....###.....#.#.##
####....# ####.######
###.....# ### #...<..##
.......##


You could see an entropy weaver.

Vanquished Creatures
  Arachne (Spider:3)
  Jorgrun (Spider:1)
  A ghost moth (Spider:3)
  A frost giant (IceCv)
  An orc warlord (Orc:2)
  A minotaur (Gauntlet)
  Azrael (D:15)
  An entropy weaver (Lair:4)
  Erolcha (D:11)
  A rakshasa (D:15)
  9 hydras
  An ice dragon (D:14)
  5 boulder beetles
  3 two-headed ogres
  3 tengu warriors
  5 catoblepae
  7 centaur warriors
  20 death yaks
  A vampire mage (D:15)
  6 orc high priests
  Sonja (Lair:5)
  A sixfirhy (Gauntlet)
  5 skeletal warriors (D:15)
  2 bog bodies (Lair:2)
  A wizard (D:14)
  A necromancer (D:15)
  7 orc knights
  14 wolf spiders
  4 orb spiders
  9 ugly things
  An orc sorcerer (Orc:2)
  A worldbinder (Gauntlet)
  A moth of wrath (Spider:2)
  3 cyclopes
  3 manticores
  2 elephants
  9 black mambas
  Maurice (D:10)
  An ice statue (IceCv)
  A torpor snail (Spider:2)
  11 cane toads
  A molten gargoyle (Gauntlet)
  2 unseen horrors (D:12)
  4 gargoyles
  A spriggan skeleton (D:15)
  7 rime drakes
  2 rime drakes (shapeshifter) (D:14)
  Maggie (D:6)
  2 spriggan zombies (D:15)
  7 komodo dragons
  4 demonic crawlers
  3 tengu conjurers
  4 kobold demonologists
  2 freezing wraiths
  14 polar bears (IceCv)
  9 trolls
  3 meliai (Spider:2)
  19 jumping spiders
  5 hornets
  A queen bee (Lair:1)
  4 blink frogs (Lair:2)
  A deep troll skeleton (D:15)
  Sigmund (D:3)
  36 redbacks
  2 shadows
  4 wyverns
  3 wraiths
  71 yaks
  16 tarantellas
  5 fire elementals (D:15)
  3 basilisks
  9 vampire mosquitoes
  6 wargs
  14 water moccasins
  3 hell hounds (D:15)
  2 ice beasts (D:6)
  A hornet zombie (D:5)
  54 orc warriors
  3 black bears
  38 wolves
  2 necrophages (D:5)
  8 ogres
  2 boggarts (Gauntlet)
  13 centaurs
  7 kobold brigands
  5 gnoll sergeants
  10 bullfrogs
  2 scorpions
  A wyvern zombie (D:5)
  25 killer bees (Lair:1)
  7 electric eels
  3 howler monkeys (D:12)
  A bullfrog zombie (D:3)
  5 hounds
  4 centaur zombies
  A jelly (D:4)
  9 orc priests
  2 bullfrog skeletons (D:6)
  3 iguanas (D:7)
  3 centaur skeletons
  16 orc wizards
  14 mummies (Ossuary)
  Robin (D:4)
  A howler monkey zombie (D:10)
  4 adders
  10 gnolls
  A shadow imp (D:6)
  2 ufetubi (Gauntlet)
  A worm (D:2)
  2 adder skeletons (D:4)
  3 dart slugs
  51 orcs
  3 ball pythons
  5 endoplasms
  3 giant cockroaches
  12 hobgoblins
  8 jackals
  18 kobolds
  4 quokkas
  14 bats
  4 frilled lizards
  A gnoll skeleton (Ossuary)
  18 goblins
  5 goblin skeletons (Ossuary)
  A kobold skeleton (Ossuary)
  An orc skeleton (Ossuary)
  3 rats
  11 rat skeletons (Ossuary)
846 creatures vanquished.

Vanquished Creatures (collateral kills)
  2 ogres
  An orc priest (Orc:2)
  An iguana (D:6)
4 creatures vanquished.

Vanquished Creatures (others)
  2 polar bears (IceCv)
  7 dancing weapons
  A wolf (IceCv)
  An orc wizard (D:7)
  34 fungi
  26 plants
  4 withered plants (D:15)
75 creatures vanquished.

Grand Total: 925 creatures vanquished

Notes
Turn   | Place    | Note
-------+----------+-------------------------------------------
     0 | D:1      | night the Demonspawn Ice Elementalist began the quest for
                  | the Orb.
     0 | D:1      | Reached XP level 1. HP: 13/13 MP: 3/3
   717 | D:1      | Gained mutation: You have sharp fingernails. [demonic
                  | ancestry]
   717 | D:1      | Reached XP level 2. HP: 19/19 MP: 1/5
  1559 | D:2      | Found a faded altar of an unknown god.
  1997 | D:2      | Reached XP level 3. HP: 9/24 MP: 0/7
  2183 | D:2      | Learned a level 3 spell: Frozen Ramparts
  2187 | D:2      | Learned a level 3 spell: Ozocubu's Armour
  3040 | D:3      | Gained mutation: You have very sharp fingernails. [demonic
                  | ancestry]
  3040 | D:3      | Reached XP level 4. HP: 9/30 MP: 3/8
  3440 | D:3      | Gained mutation: You have a pair of small antennae on your
                  | head. [demonic ancestry]
  3440 | D:3      | Reached XP level 5. HP: 36/36 MP: 5/10
  3677 | D:3      | Noticed Sigmund
  3682 | D:3      | Reached skill level 1 in Fighting
  3727 | D:3      | Killed Sigmund
  3728 | D:3      | Reached skill level 2 in Fighting
  3728 | D:3      | Reached skill level 1 in Unarmed Combat
  3728 | D:3      | Reached skill level 5 in Ice Magic
  3728 | D:3      | Reached XP level 6. HP: 23/44 MP: 4/11
  4608 | D:3      | Learned a level 4 spell: Hailstorm
  4685 | D:4      | Reached skill level 2 in Unarmed Combat
  4952 | D:4      | Noticed Robin
  4976 | D:4      | Reached XP level 7. HP: 45/51 MP: 2/13
  4984 | D:4      | Killed Robin
  5609 | D:5      | Entered Level 5 of the Dungeon
  5670 | D:5      | Reached skill level 3 in Unarmed Combat
  5736 | D:5      | Learned a level 3 spell: Tukima's Dance
  5771 | D:5      | Found a staircase to the Ecumenical Temple.
  5789 | Temple   | Entered the Ecumenical Temple
  6275 | D:5      | HP: 6/53 [wyvern zombie (9)]
  6278 | D:5      | Reached skill level 5 in Spellcasting
  6278 | D:5      | Gained mutation: Spells you cast may paralyse adjacent
                  | enemies. [demonic ancestry]
  6278 | D:5      | Reached XP level 8. HP: 3/60 MP: 12/15
  6609 | D:5      | Noticed PeterLawrence's ghost (novice MiFi)
  6641 | D:5      | Found a transporter.
  6646 | D:5      | Found a transporter.
  6840 | D:5      | HP: 9/60 [centaur skeleton (1)]
  7365 | D:6      | Noticed Maggie
  7366 | D:6      | Gained mutation: You are agile. (Dex +2) [potion of
                  | mutation]
  7366 | D:6      | Gained mutation: You are dopey. (Int -2) [potion of
                  | mutation]
  7383 | D:6      | Killed Maggie
  7384 | D:6      | Reached skill level 4 in Unarmed Combat
  7654 | D:5      | Found Gokh's Lightly-Used Armoury.
  7662 | D:5      | Bought a -2 demon blade for 75 gold pieces
  7782 | D:6      | Reached skill level 5 in Fighting
  8262 | D:6      | Gained mutation: You have sharp toenails. [demonic
                  | ancestry]
  8262 | D:6      | Reached XP level 9. HP: 68/68 MP: 10/17
  8262 | D:6      | Lost mutation: You are dopey. (Int -2) [potion of mutation]
  8262 | D:6      | Lost mutation: You are agile. (Dex +2) [potion of mutation]
  8262 | D:6      | Gained mutation: You are somewhat resistant to further
                  | mutation. [potion of mutation]
  8262 | D:6      | Gained mutation: You are strong-willed. (Will+) [potion of
                  | mutation]
  8396 | D:6      | Reached skill level 5 in Unarmed Combat
  8396 | D:6      | Reached skill level 1 in Conjurations
  8396 | D:6      | Reached skill level 1 in Hexes
  8401 | D:6      | Identified the +8 hunting sling of the Trees {vorpal, rPois
                  | rF++ Int+3 Stlth-}
  8425 | D:6      | Found a blossoming altar of Fedhas.
  9136 | D:7      | Found Lauliria's Armour Shoppe.
  9145 | D:7      | Bought a +0 pair of boots for 63 gold pieces
  9264 | D:7      | Found a sand-covered staircase.
  9274 | Ossuary  | Entered an ossuary
  9579 | Ossuary  | Reached skill level 2 in Hexes
  9615 | Ossuary  | Reached skill level 2 in Conjurations
 10150 | D:7      | Reached skill level 6 in Unarmed Combat
 10698 | D:8      | Learned a level 2 spell: Ensorcelled Hibernation
 10768 | D:8      | Found Atunyef's General Store.
 10836 | D:8      | Noticed a manticore
 10847 | D:8      | Killed a manticore
 10999 | D:8      | Reached skill level 7 in Unarmed Combat
 11336 | D:8      | Noticed a boulder beetle
 11373 | D:8      | Killed a boulder beetle
 11374 | D:8      | Reached XP level 10. HP: 43/74 MP: 6/19
 12468 | D:9      | Found a burning altar of Makhleb.
 12471 | D:9      | Found an opulent altar of Gozag.
 12475 | D:9      | Became a worshipper of Gozag Ym Sagoz the Greedy
 12487 | D:9      | Found a shimmering blue altar of Sif Muna.
 12495 | D:9      | Found a stormy altar of Qazlal.
 12688 | D:10     | Entered Level 10 of the Dungeon
 12951 | D:10     | Reached skill level 5 in Hexes
 12987 | D:10     | Noticed Maurice
 13415 | D:10     | Noticed a tengu warrior
 13415 | D:10     | Noticed a tengu warrior
 13431 | D:10     | HP: 6/76 [tengu warrior (7)]
 13435 | D:10     | Killed a tengu warrior
 13460 | D:10     | Killed a tengu warrior
 13461 | D:10     | Reached skill level 8 in Unarmed Combat
 14280 | D:10     | Killed Maurice
 14281 | D:10     | Gained mutation: Spells you cast may paralyse nearby
                  | enemies. [demonic ancestry]
 14281 | D:10     | Reached XP level 11. HP: 58/83 MP: 14/21
 14390 | D:7      | Bought a +1 pair of gloves of strength for 231 gold pieces
 14515 | D:10     | Noticed a two-headed ogre
 14530 | D:10     | Killed a two-headed ogre
 14672 | D:10     | Found a staircase to the Orcish Mines.
 15063 | D:11     | Found a staircase to the Lair.
 15117 | D:11     | Identified the ring "Jyjy" {Fly rF- rN+ Will++ Str+2}
 15124 | D:11     | Noticed a purple ugly thing
 15138 | D:11     | Found a transporter.
 15146 | D:11     | Found a transporter.
 15152 | D:11     | Found a one-way gate to the infinite horrors of the Abyss.
 15152 | D:11     | Noticed tsouns's ghost (journeyman SpEE)
 15456 | D:11     | Identified the +2 leather armour "Ehawkill" {Rampage rElec
                  | rC++ Str-2}
 15487 | D:11     | Noticed a brown ugly thing
 15498 | D:11     | Noticed an eight-headed hydra
 15502 | D:11     | Killed a brown ugly thing
 15511 | D:11     | Killed an eight-headed hydra
 15512 | D:11     | Reached skill level 9 in Unarmed Combat
 15828 | D:11     | Noticed Erolcha
 15846 | D:11     | Killed Erolcha
 15907 | D:11     | Noticed a boulder beetle
 15927 | D:11     | Killed a boulder beetle
 16668 | D:11     | Learned a level 5 spell: Manifold Assault
 16753 | Lair:1   | Entered Level 1 of the Lair of Beasts
 16951 | Lair:1   | Reached skill level 1 in Translocations
 17018 | Lair:1   | Gained mutation: You have a pair of antennae on your head.
                  | [demonic ancestry]
 17018 | Lair:1   | Reached XP level 12. HP: 91/94 MP: 18/24
 17297 | Lair:1   | Reached skill level 2 in Translocations
 17594 | Lair:1   | Reached skill level 10 in Unarmed Combat
 18005 | Lair:2   | Found a staircase to the Swamp.
 18148 | Lair:2   | Reached skill level 5 in Translocations
 20156 | Lair:3   | Found a blossoming altar of Fedhas.
 20269 | Lair:3   | Learned a level 4 spell: Olgreb's Toxic Radiance
 20273 | Lair:3   | Learned a level 3 spell: Ignite Poison
 20312 | Lair:3   | Reached skill level 1 in Poison Magic
 20658 | Lair:4   | Found a frozen archway.
 20684 | IceCv    | Entered an ice cave
 20694 | IceCv    | Gained mutation: You sometimes gain a little power by
                  | taking damage. [demonic ancestry]
 20694 | IceCv    | Reached XP level 13. HP: 72/99 MP: 19/25
 21883 | IceCv    | Reached skill level 2 in Poison Magic
 22952 | IceCv    | Noticed a frost giant
 23081 | IceCv    | Killed a frost giant
 23780 | Lair:4   | Found a hole to the Spider Nest.
 24786 | Lair:5   | Noticed Sonja
 24793 | Lair:5   | Killed Sonja
 24799 | Lair:5   | Reached skill level 11 in Unarmed Combat
 24809 | Lair:5   | Reached skill level 5 in Poison Magic
 24828 | Lair:5   | Reached skill level 10 in Fighting
 25034 | Lair:5   | Found a staircase to the Slime Pits.
 25304 | Lair:5   | Reached skill level 10 in Spellcasting
 25307 | Lair:5   | Gained mutation: You sometimes gain power by taking damage.
                  | [demonic ancestry]
 25307 | Lair:5   | Reached XP level 14. HP: 76/110 MP: 4/28
 25813 | Lair:6   | Entered Level 6 of the Lair of Beasts
 28703 | Lair:6   | Reached skill level 12 in Unarmed Combat
 29498 | D:12     | Found Gaphehav's Armour Emporium.
 29735 | D:12     | Identified the ring of Xom's Best Wishes {Contam rF+ rN+
                  | Int+3 Dex+5}
 30319 | D:12     | Found an iron altar of Okawaru.
 30422 | D:12     | Identified the +0 leather armour of the Tired Thickets
                  | {rElec rC- rN++ Will-}
 30423 | D:12     | Identified the +3 leather armour of Asceticism {+Blink
                  | rCorr Int+3 Stlth-}
 31036 | D:13     | Gained mutation: You are powered by pain. [demonic
                  | ancestry]
 31036 | D:13     | Reached XP level 15. HP: 119/119 MP: 24/30
 31964 | D:14     | Found a gate leading to a gauntlet.
 31979 | Gauntlet | Entered a Gauntlet
 31979 | Gauntlet | Found a transporter.
 32067 | Gauntlet | Found a transporter.
 32083 | Gauntlet | Found a transporter.
 32088 | Gauntlet | Found a transporter.
 32103 | Gauntlet | Found a transporter.
 32122 | Gauntlet | Found a transporter.
 32134 | Gauntlet | Found a transporter.
 32146 | Gauntlet | Found a transporter.
 32158 | Gauntlet | Found a transporter.
 32164 | Gauntlet | Found a transporter.
 32164 | Gauntlet | Found a transporter.
 32179 | Gauntlet | Found a transporter.
 32196 | Gauntlet | Found a transporter.
 32216 | Gauntlet | Found a transporter.
 32241 | Gauntlet | Found a transporter.
 32243 | Gauntlet | Found a transporter.
 32263 | Gauntlet | Found a transporter.
 32265 | Gauntlet | Found a transporter.
 32442 | Gauntlet | Identified the ring "Cunn" {rElec Will+ rCorr Str-5 Stlth+}
 32711 | Gauntlet | Identified the +8 hunting sling "Vovus" {flame, rPois Int+4
                  | Dex+4}
 32711 | Gauntlet | Identified the amulet of Putsabb {Faith rC+ Str-2 Stlth+}
 32726 | Gauntlet | Reached skill level 10 in Ice Magic
 33515 | D:14     | Reached skill level 12 in Fighting
 33689 | D:14     | Found a gate to the Vaults.
 34233 | D:15     | Entered Level 15 of the Dungeon
 34252 | D:15     | Noticed Azrael
 34268 | D:15     | Killed Azrael
 34313 | D:15     | HP: 11/120 [stone wall collision (12)]
 35725 | D:15     | Reached skill level 12 in Spellcasting
 36117 | D:15     | Reached skill level 13 in Unarmed Combat
 36237 | D:15     | Found a staircase to the Depths.
 37091 | Orc:1    | Entered Level 1 of the Orcish Mines
 37281 | Orc:2    | Entered Level 2 of the Orcish Mines
 37644 | Orc:1    | You fall into a shaft and drop 1 floor!
 37644 | Orc:2    | Found Nexkane's Jewellery Boutique.
 37761 | Orc:2    | Found Tohomeb's Antique Weapon Emporium.
 37877 | Orc:2    | Noticed an orc warlord
 38012 | Orc:2    | Reached XP level 16. HP: 100/129 MP: 19/32
 38126 | Orc:2    | Found Idusirghu's Antique Armour Shoppe.
 38902 | Orc:2    | Found a staircase to the Elven Halls.
 39145 | Orc:2    | Found Cevipt's General Store.
 39542 | Orc:2    | Bought a +0 hat of willpower for 121 gold pieces
 39904 | Lair:4   | Bought a book of Annihilations for 1876 gold pieces
 39914 | Lair:4   | Learned a level 9 spell: Polar Vortex
 39947 | Spider:1 | Entered Level 1 of the Spider Nest
 40626 | Spider:1 | Noticed Jorgrun
 40908 | Spider:1 | Killed Jorgrun
 42009 | Spider:2 | Found a transporter.
 42087 | Spider:2 | Noticed Xitiatz's ghost (journeyman DDFi)
 42092 | Spider:2 | Found a transporter.
 42767 | Spider:2 | Identified the +1 robe "Ojafenid" {Int+7}
 42796 | Spider:2 | Reached skill level 14 in Unarmed Combat
 42796 | Spider:2 | Reached skill level 12 in Ice Magic
 42796 | Spider:2 | Gained mutation: You have razor-sharp toenails. [demonic
                  | ancestry]
 42796 | Spider:2 | Reached XP level 17. HP: 137/137 MP: 33/33
 43102 | Spider:3 | Noticed Arachne
 43204 | Spider:3 | Killed Arachne
 43611 | Lair:4   | Bought the +2 cloak of the Thief {*Fog Slay-2 SInv Stlth+}
                  | for 643 gold pieces
 43611 | Lair:4   | Found the +2 cloak of the Thief {*Fog Slay-2 SInv Stlth+}
 44404 | Spider:4 | Entered Level 4 of the Spider Nest
 44561 | Spider:4 | Paralysed by a hornet for 3 turns
 44988 | Spider:3 | HP: 17/137 [entropy weaver (9)]
 44989 | Spider:3 | HP: 7/137 [entropy weaver (10)]
 44989 | Spider:3 | Slain by an entropy weaver

Illustrated notes

Levels and vault maps discovered:
D:1:      minmay_arrival_four_loops, layout_loops_corners, st_stairs_5,
          bh_walls_and_bars
D:2:      layout_rooms, shapermc_ecumenical_altar_mp_highgroup,
          minmay_goblin_outpost
D:3:      layout_loops_ring, grunt_ministairs_4, minmay_misc_feat_tower,
          amcnicky_mini_pool_small, minmay_randomly_rotated_circles,
          uniq_sigmund
D:4:      layout_basic, lemuel_round_altar, uniq_robin
D:5:      lemuel_ice_spiral_2, layout_rooms, minmay_temple_entry_ruins,
          gammafunk_ghost_hive, kennysheep_nondescript, minmay_shop_damaged,
          grunt_ministairs_12, minivault_23
D:6:      layout_loops_cross, old_standard_altar, uniq_maggie
D:7:      layout_cave_pools, nicolae_ossuary_entry_ruins, serial_shops,
          nicolae_shop_temple_entry_statues_fountains, kennysheep_small_square
D:8:      layout_basic, serial_shops, shop_fountains
D:9:      layout_irregular_city, grunt_temple_overflow_cloverleaf
D:10:     layout_irregular_city, kennysheep_orc_monster_closet_entryway,
          uniq_maurice
D:11:     layout_roguey, david_lair_generic, gammafunk_ghost_abyssal_escape,
          uniq_erolcha
D:12:     evilmike_iron_armoury, layout_irregular_city, serial_shops, shop
D:13:     layout_gridville, minmay_strange_pillars, roderic_batcave,
          moated_statue
D:14:     layout_big_octagon, david_vaults_4, hangedman_decor_cross_pass,
          gauntlet_entry_generic
D:15:     gammafunk_depths_entry_grave, layout_irregular_city,
          minmay_misc_feat_x, uniq_azrael
Temple:   lightli_temple_of_artemis
Lair:1:   layout_hall_layers, special_room [special_room_bee], lemuel_fruit_tree
Lair:2:   layout_cave_pods, skrybe_swamp_entry_bodies, st_stairs_13,
          serial_bayou_lake_a, grunt_megastairs_1
Lair:3:   layout_misc_corridors, tgw_fedhas
Lair:4:   layout_regular_city, spider_nest_entry_webs, portal_ice_cave_rime,
          serial_bayou_shore_a
Lair:5:   layout_regular_city, slime_dummy, nicolae_quartered_pool_super,
          uniq_sonja
Lair:6:   evilmike_catoblepas_cave, layout_cave_pods, serial_bayou_shore_b
Spider:1: layout_spider_delve, guppyfry_spider_mini_2, uniq_jorgrun
Spider:2: layout_spider_delve, gammafunk_ghost_arena, nicolae_spider_cling_ruins
Spider:3: layout_spider_delve, uniq_arachne
Spider:4: grunt_spider_rune_parallel, nicolae_spider_claw_tunnel
Orc:1:    layout_caves
Orc:2:    grunt_orc_gardens, layout_caves, grunt_orc_garden, grunt_orc_garden,
          grunt_orc_garden, grunt_orc_garden

Skill      XL: |  1  2  3  4  5  6  7  8  9 10 11 12 13 14 15 16 17 |
---------------+----------------------------------------------------+-----
Ice Magic      | 4 5 6 7 9 11 12 | 12.3
Spellcasting   | 3 4 5 6 7 8 10 11 12 13 | 13.0
Fighting       | 2 3 5 6 8 10 11 12 13 | 13.6
Unarmed Combat | 1 2 3 4 7 8 9 10 11 12 13 14 | 14.2
Conjurations   | 3 |  3.7
Hexes          | 4 5 |  5.6
Translocations | 1 8 |  8.6
Poison Magic   | 1 5 7 |  7.1
Dodging        | |  1.7
Stealth        | |  1.7

Action                   |  1- 3 |  4- 6 |  7- 9 | 10-12 | 13-15 | 16-18 || total
-------------------------+-------+-------+-------+-------+-------+-------++-------
Melee: Dagger            |    42 |       |     4 |    16 |       |       ||    62
       War axe           |    43 |    48 |    49 |       |       |       ||   140
       Unarmed           |       |       |   222 |   385 |   961 |   187 ||  1755
       Punch             |       |       |     5 |    22 |    59 |    16 ||   102
       Kick              |       |       |     2 |       |       |       ||     2
 Fire: Hunting sling     |       |       |    14 |       |       |    31 ||    45
Throw: Dart              |       |     5 |       |     9 |    20 |     2 ||    36
 Cast: Freeze            |    31 |     1 |    27 |    67 |    97 |    36 ||   259
       Frozen Ramparts   |     6 |    17 |    29 |    57 |    94 |    10 ||   213
       Ozocubu's Armour  |     1 |     6 |    16 |    29 |    61 |    10 ||   123
       Tukima's Dance    |       |       |     1 |     8 |    19 |     5 ||    33
       Hailstorm         |       |       |     2 |       |     1 |       ||     3
       Ensorcelled Hiber |       |       |       |     2 |       |       ||     2
       Manifold Assault  |       |       |       |     7 |    53 |     1 ||    61
       Olgreb's Toxic Ra |       |       |       |       |    65 |    67 ||   132
       Ignite Poison     |       |       |       |       |    40 |    61 ||   101
Invok: Call Merchant     |       |       |       |       |     3 |       ||     3
       Potion Petition   |       |       |       |       |     2 |     1 ||     3
Evoke: Wand              |       |       |     6 |     7 |    10 |     4 ||    27
       Phantom mirror    |       |       |       |       |       |     1 ||     1
  Use: Scroll            |     3 |     4 |     9 |     5 |     3 |     8 ||    32
       Potion            |       |       |     8 |     6 |     2 |     5 ||    21
 Stab: Sleeping          |     3 |     2 |     2 |       |     1 |       ||     8
       Paralysed         |       |       |    17 |    57 |   138 |    30 ||   242
       Distracted        |       |       |       |     2 |     4 |       ||     6
Armor: Robe              |    39 |    15 |    23 |       |       |       ||    77
       Steam dragon scal |       |       |    58 |   156 |   405 |   146 ||   765
       Skin              |       |       |       |    15 |     6 |       ||    21
Dodge: Dodged            |    78 |    44 |   164 |   241 |   811 |   376 ||  1714

Table legend: (Time is in decaauts)
 A = Elapsed time spent in this place.
 B = Non-inter-level travel time spent in this place.
 C = Inter-level travel time spent in this place.
 D = Time resting spent in this place.
 E = Time spent auto-exploring this place.
 F = Levels seen in this place.
 G = Mean time per level.
                   A        B        C        D        E       F      G
               +--------+--------+--------+--------+--------+-----+--------+
         Total |  44849 |  42469 |   2380 |   9569 |  25732 |  31 | 1446.7 |
       Dungeon |  23264 |  21854 |   1410 |   4879 |  13576 |  15 | 1550.9 |
        Temple |    124 |    124 |      0 |      0 |    103 |   1 |  124.0 |
          Lair |  10858 |  10202 |    656 |   1692 |   7124 |   6 | 1809.7 |
   Spider Nest |   4107 |   3931 |    176 |   1114 |   2097 |   4 | 1026.8 |
  Orcish Mines |   2472 |   2335 |    137 |    624 |   1109 |   2 | 1236.0 |
       Ossuary |    727 |    727 |      0 |      0 |    540 |   1 |  727.0 |
      Ice Cave |   2498 |   2498 |      0 |   1165 |    798 |   1 | 2498.0 |
      Gauntlet |    794 |    794 |      0 |     95 |    384 |   1 |  794.0 |
               +--------+--------+--------+--------+--------+-----+--------+

Top non-repeatable levels by time:
  Lair:6: 2964 daAuts
    D:15: 2673 daAuts
  Lair:4: 2585 daAuts
   IceCv: 2498 daAuts
    D:10: 2159 daAuts
    D:11: 1962 daAuts
     D:3: 1764 daAuts
  Lair:2: 1745 daAuts
    D:12: 1676 daAuts
     D:5: 1674 daAuts
     D:2: 1569 daAuts
    D:14: 1486 daAuts
   Orc:2: 1425 daAuts
     D:6: 1422 daAuts
     D:8: 1373 daAuts
